cohdb
Replays
Latest Replays
All Replays
Popular Replays
Top Player Replays
Match Explorer
How It Works
Community
CoH3 Stats
Reddit
Sign in to upload your games and track your stats! →
Sign in with Steam
Match 44326575
Unlisted
Match 44326575
Overview
Messages
Build Orders
End
Construct Barracks
Riflemen Squad
Riflemen Squad
M1 Mortar Team
Air Support Center
Engineer Squad
Construct Motor Pool
Construct Medical Station
M8 Greyhound Armored Car
Grasshopper Recon Run
Grenade Package
Engineer Squad
Arturokq
venam
Toast Man
Mahfouz
0
0
Comments
sign in to comment!
No comments posted yet!